 Dungeon Crawl Stone Soup version 0.18.1-5-g4a78601 (webtiles) character file.

777 Gottschkopf the Magician (level 7, -8/36 HPs)
             Began as a Deep Elf Conjurer on May 13, 2016.
             Killed from afar by Dowan (15 damage)
             ... with a shard of ice
             ... on level 4 of the Dungeon.
             The game lasted 00:14:04 (3716 turns).

Gottschkopf the Magician (Deep Elf Conjurer)        Turns: 3716, Time: 00:14:05

Health: -8/36      AC:  2    Str:  5    XL:     7   Next: 54%
Magic:  0/20       EV: 13    Int: 22    God:
Gold:   225        SH:  0    Dex: 15    Spells: 5 memorised, 5 levels left

rFire  . . .     SeeInvis .     i - +0 dagger
rCold  . . .     Gourm    .     a - +0 robe
rNeg   . . .     Faith    .     (no shield)
rPois  .         Spirit   .     (no helmet)
rElec  .         Dismiss  .     (no cloak)
rCorr  .         Reflect  .     (no gloves)
SustAt .         Harm     .     (no boots)
MR     .....                    (no amulet)
Stlth  ++........               (no ring)
                                (no ring)

@: not resistant to hostile enchantments, unstealthy
A: no striking features
a: no special abilities


You were on level 4 of the Dungeon.
You were not hungry.

You visited 1 branch of the dungeon, and saw 5 of its levels.

You collected 225 gold pieces.

Inventory:

Hand Weapons
 i - a +0 dagger (weapon)
Armour
 a - a +0 robe (worn)
Scrolls
 d - a scroll of amnesia {unknown}
 e - 3 scrolls of remove curse {unknown}
 g - 5 scrolls of teleportation {unknown}
 h - a scroll of random uselessness {unknown}
 m - 3 scrolls of identify {unknown}
 p - 2 scrolls of recharging {unknown}
 r - a scroll of enchant armour {unknown}
 w - a scroll of fog {unknown}
 x - a scroll of enchant weapon {unknown}
Potions
 f - a potion of magic {unknown}
 j - 2 potions of heal wounds {unknown}
 l - a potion of berserk rage {unknown}
 n - a potion of haste {unknown}
 o - a potion of lignification {unknown}
 t - a potion of curing {unknown}
 u - a potion of mutation {unknown}
 v - a potion of flight {unknown}
Books
 b - a book of Conjurations

   Spells                             Type                      Level
   a - Magic Dart                     Conjuration                  1
   b - Searing Ray                    Conjuration                  2
   c - Dazzling Spray                 Conjuration/Hexes            3
   d - Fulminant Prism                Conjuration/Hexes            4
   e - Iskenderun's Mystic Blast      Conjuration                  4
   f - Iskenderun's Battlesphere      Conjuration/Charms           5
Comestibles
 c - 4 bread rations
 k - 2 meat rations
 q - 2 beef jerkies
 s - 5 fruits
 z - a chunk of flesh


   Skills:
 - Level 2.4 Dodging
 - Level 2.4 Stealth
 * Level 7.6 Spellcasting
 - Level 6.9 Conjurations
 - Level 2.1 Hexes
 - Level 5.4 Charms


You had 5 spell levels left.
You knew the following spells:

 Your Spells              Type           Power        Failure   Level  Hunger
a - Magic Dart            Conj           ####         1%          1    None
b - Searing Ray           Conj           #####.       1%          2    None
c - Iskenderun's Mystic   Conj           #####...     6%          4    ###....
d - Fulminant Prism       Conj/Hex       ####......   14%         4    ###....
e - Iskenderun's Battles  Conj/Chrm      #####...     17%         5    #####..


Dungeon Overview and Level Annotations

Branches:
Dungeon (5/15)
 Temple: D:4-7

Altars:
Cheibriados
Fedhas
Xom
Yredelemnul

Shops:
D:5 ?

Annotations:
D:4 Dowan


Message History

Dowan casts a spell at you. The shard of ice misses you.
You continue eating.
Dowan points at you and mumbles some strange words.
The shard of ice hits you!
* * * LOW HITPOINT WARNING * * *
Casting: Magic Dart
Confirm with . or Enter, or press ? or * to list all spells.
Aiming: Magic Dart
Press: ? - help, Shift-Dir - straight line, f/p - Dowan
Aim: Dowan, wielding a dagger and wearing a robe (severely wounded, fast)
The magic dart hits Dowan.
Dowan is severely wounded.
Dowan shakes with grief.
Dowan hits you but does no damage. x2
You hit Dowan but do no damage.
Dowan is severely wounded.
Dowan points at you and mumbles some strange words.
The shard of ice hits you!
You die...

.####..#### #.....#
#.###.# ## ###.....# #.
#.....)## #. .##.###..#
#. ..##......##
#####.####
#............
#.....e@.#
#...###.#####
#.###.##.###.......##
#. #.##.........####
#.##.##............#
#e.)........##..##.#
......#.##.#.#.##......
......#........###.##..
..... ####.#.### #.####
...#. #.#'## #.#


You could see Dowan.

Vanquished Creatures
  Grinder (D:3)
  Duvessa (D:4)
  An ice beast (D:5)
  2 ogres (D:5)
  A scorpion (D:5)
  A quasit (D:5)
  A giant frog skeleton (D:4)
  6 adders
  A worm (D:3)
  2 dart slugs
  4 giant geckos
  An orc (D:4)
  4 bats
  3 giant cockroaches
  6 goblins
  5 hobgoblins
  7 jackals
  5 giant newts
  5 kobolds
  3 rats
60 creatures vanquished.

Notes
Turn   | Place    | Note
--------------------------------------------------------------
     0 | D:1      | Gottschkopf the Deep Elf Conjurer began the quest for the Orb.
     0 | D:1      | Reached XP level 1. HP: 10/10 MP: 6/6
   309 | D:1      | Reached XP level 2. HP: 10/15 MP: 6/8
   350 | D:1      | Reached skill level 5 in Conjurations
   377 | D:1      | Learned a level 2 spell: Searing Ray
   819 | D:2      | Reached XP level 3. HP: 18/19 MP: 5/9
   958 | D:2      | Found a shimmering altar of Xom.
  1655 | D:3      | Reached XP level 4. HP: 23/24 MP: 4/10
  1662 | D:3      | Learned a level 4 spell: Iskenderun's Mystic Blast
  1835 | D:3      | You fall through a shaft for 2 floors!
  1835 | D:5      | Entered Level 5 of the Dungeon
  1937 | D:5      | Reached skill level 4 in Spellcasting
  2139 | D:5      | Found a blossoming altar of Fedhas.
  2173 | D:5      | Noticed an ogre
  2178 | D:5      | Killed an ogre
  2178 | D:5      | Reached skill level 5 in Spellcasting
  2178 | D:5      | Reached XP level 5. HP: 22/28 MP: 4/15
  2178 | D:5      | Reached skill level 6 in Spellcasting
  2184 | D:5      | Learned a level 4 spell: Fulminant Prism
  2190 | D:5      | Learned a level 5 spell: Iskenderun's Battlesphere
  2324 | D:5      | Found Qowupt's Magic Scroll Shop.
  2337 | D:5      | Noticed an ice beast
  2345 | D:5      | Killed an ice beast
  2345 | D:5      | Reached XP level 6. HP: 20/32 MP: 1/17
  2901 | D:3      | Noticed Grinder
  2903 | D:3      | Paralysed by Grinder for 2 turns
  2906 | D:3      | Killed Grinder
  2906 | D:3      | Reached skill level 5 in Charms
  2906 | D:3      | Reached XP level 7. HP: 24/36 MP: 1/18
  3509 | D:4      | Found a snail-covered altar of Cheibriados.
  3553 | D:4      | Found a basalt altar of Yredelemnul.
  3689 | D:4      | Noticed Duvessa
  3691 | D:4      | Noticed Dowan
  3694 | D:4      | Killed Duvessa
  3694 | D:4      | Reached skill level 7 in Spellcasting
  3716 | D:4      | Killed from afar by Dowan

Skill      XL: |  1  2  3  4  5  6  7 |
---------------+----------------------+-----
Conjurations   | 5 6 |  6.9
Spellcasting   | 5 6 7 |  7.6
Hexes          | 2 |  2.1
Charms         | 5 |  5.4
Dodging        | |  2.4
Stealth        | |  2.4

Action                   |  1- 3 |  4- 6 |  7- 9 || total
-------------------------+-------+-------+-------++-------
Melee: Unarmed           |    10 |       |       ||    10
       Dagger            |     9 |     5 |     7 ||    21
 Cast: Magic Dart        |    60 |    19 |    24 ||   103
       Searing Ray       |     3 |     5 |     1 ||     9
       Iskenderun's Myst |       |     5 |     5 ||    10
 Stab: Sleeping          |     2 |       |       ||     2
  Eat: Chunk             |     2 |     3 |     5 ||    10
Armor: Robe              |     8 |     9 |     4 ||    21
Dodge: Dodged            |    21 |     7 |     3 ||    31
